 Dungeon Crawl Stone Soup version 0.27.1-3-gb3d3a73c9e (webtiles) character file.

Game seed: 15484439556565583618

4 MisterFreud the Ducker (level 1, 0/10 HPs)
             Began as a Felid Berserker on Oct 7, 2021.
             Was a Follower of Trog.
             Frozen to death by an endoplasm (3 damage)
             ... on level 1 of the Dungeon.
             The game lasted 00:00:28 (184 turns).

MisterFreud the Ducker (Felid Berserker)             Turns: 184, Time: 00:00:29

Health: 0/10       AC:  1    Str: 13    XL:     1   Next: 50%
Magic:  2/2        EV: 18    Int:  8    God:    Trog [*.....]
Gold:   17         SH:  0    Dex: 15    Spells: 0/0 levels left
                                        Lives:  0   Deaths: 0

rFire    . . .     SeeInvis +     - Unarmed
rCold    . . .     Faith    .   (shield unavailable)
rNeg     . . .     Spirit   .   (armour unavailable)
rPois    .         Reflect  .   (helmet unavailable)
rElec    .         Harm     .   (cloak unavailable)
rCorr    .         Rampage  .   (gloves unavailable)
Will     .....                  (boots unavailable)
Stlth    ++........             (no amulet)
HPRegen  0.03/turn              (no ring)
MPRegen  0.08/turn              (no ring)

@: quick
A: very small, claws 1, fangs 3, see invisible, speed 1, shaggy fur 1, stealthy
paws, no weapons or thrown items, no armour, multi-lived
a: Renounce Religion, Berserk


You were on level 1 of the Dungeon.
You worshipped Trog.
Trog was aware of your devotion.
You visited 1 branch of the dungeon, and saw 1 of its levels.

You collected 17 gold pieces.

Inventory:

Scrolls
 b - a scroll of amnesia {unknown}
 c - a scroll of noise {unknown}
Potions
 a - a potion of berserk rage {unknown}


   Skills:
 - Level 3.0 Fighting
 - Level 4.0 Dodging
 + Level 1.1 Stealth
 + Level 3.1 Unarmed Combat


You couldn't memorise any spells.
You didn't know any spells.
Your spell library was empty.

Dungeon Overview and Level Annotations

Branches:
Dungeon (1/15)

Altars:


Innate Abilities, Weirdness & Mutations

You have sharp claws.
You have razor-sharp teeth.
You have supernaturally acute eyesight. (SInv)
You cover ground quickly. (Speed+)
You are covered in fur. (AC +1)
Your paws help you pounce on unaware monsters.
You are incapable of wielding weapons or throwing items.
You cannot wear armour.
You gain extra lives every three experience levels.


Message History

You scratch the hobgoblin.
The hobgoblin is moderately wounded.
The hobgoblin closely misses you.
You closely miss the hobgoblin.
The hobgoblin is moderately wounded.
The hobgoblin hits you.
You scratch the hobgoblin.
The hobgoblin is heavily wounded.
The hobgoblin barely misses you.
You barely miss the hobgoblin.
The hobgoblin is heavily wounded.
The hobgoblin barely misses you.
You closely miss the hobgoblin.
The hobgoblin is heavily wounded.
The hobgoblin hits you.
You barely miss the hobgoblin.
The hobgoblin is heavily wounded.
The hobgoblin misses you.
The endoplasm quivers.
You scratch the hobgoblin.
The hobgoblin is severely wounded.
The hobgoblin barely misses you.
You scratch the hobgoblin.
You kill the hobgoblin!
Trog accepts your kill.
Your Stealth skill increases to level 1!
You scratch the endoplasm.
The endoplasm is lightly wounded.
The endoplasm freezes you.
You are frozen.
You completely miss the endoplasm.
The endoplasm is lightly wounded.
The endoplasm freezes you.
You are frozen.
* * * LOW HITPOINT WARNING * * *
You completely miss the endoplasm.
The endoplasm is lightly wounded.
The endoplasm freezes you.
You are frozen.
You die...

##### #########.....
#..(..#...#
##$......##### #
#............##
###.>#.########....#####
........J@..............#
###...#############.#####
#... #..# .... ##†####
J...# ###...## ...# >##
###>##...# ..# ...##
###....##..#
⌠....#####..(.⌠..##.#
..⌠....#....⌠.....#.#


You could see an endoplasm.

Vanquished Creatures
  2 hobgoblins (D:1)
  2 bats (D:1)
4 creatures vanquished.

Notes
Turn   | Place    | Note
-------+----------+-------------------------------------------
     0 | D:1      | MisterFreud the Felid Berserker began the quest for the
                  | Orb.
     0 | D:1      | Reached XP level 1. HP: 10/10 MP: 2/2
   180 | D:1      | Reached skill level 1 in Stealth
   184 | D:1      | Frozen to death by an endoplasm

Illustrated notes

Levels and vault maps discovered:
D:1:      dpeg_arrival_leaves_temple_mockup, layout_rooms, minmay_tetromino_s2

Skill      XL: |  1 |
---------------+----+-----
Stealth        | 1 |  1.1
Fighting       | |  3.0
Dodging        | |  4.0
Unarmed Combat | |  3.1

Action                   || total
-------------------------++-------
Melee: Unarmed           ||    22
       Bite              ||     1
Dodge: Dodged            ||    20
